 Dungeon Crawl Stone Soup version 0.30-a0-422-g946f4849ff (webtiles) character file.

Game seed: 16135079876194236013

501 flotson the Sneak (level 6, -9/49 HPs)
             Began as a Demonspawn Delver on Dec 8, 2022.
             Mangled by an ogre
             ... wielding a +0 giant club
              (19 damage)
             ... on level 4 of the Dungeon.
             The game lasted 00:09:00 (5217 turns).

flotson the Sneak (Demonspawn Delver)               Turns: 5217, Time: 00:09:00

Health: -9/49      AC: 17    Str: 15    XL:     6   Next: 95%
Magic:  6/6        EV: 10    Int: 11    God:
Gold:   195        SH:  0    Dex: 20    Spells: 5/5 levels left

rFire   . . .      SeeInvis .    v - +0 quarterstaff
rCold   . . .      Faith    .    (shield currently unavailable)
rNeg    . . .      Spirit   .    f - +2 plate armour "Sidelul" {Will+}
rPois   .          Reflect  .    k - +2 hat
rElec   .          Harm     .    o - +1 cloak
rCorr   .          Rampage  .    (no gloves)
Will    +....                    (no boots)
Stlth   ..........               (no amulet)
HPRegen 0.28/turn                r - +6 ring of dexterity
MPRegen 0.10/turn                (no ring)

@: agile
A: powered by pain 2
a: no special abilities


You were on level 4 of the Dungeon.
You visited 2 branches of the dungeon, and saw 6 of its levels.
You also visited: Ossuary.

You collected 195 gold pieces.

Inventory:

Hand Weapons
 a - a +0 hand axe
 v - a +0 quarterstaff (weapon)
Missiles
 n - a boomerang
 p - 3 poisoned darts (quivered)
Armour
 f - the +2 plate armour "Sidelul" (worn) {Will+}
   (You found it on level 2 of the Dungeon)

   Will:      It increases your willpower.
 k - a +2 hat (worn)
 o - a +1 cloak (worn)
Jewellery
 r - a +6 ring of dexterity (left hand)
 x - a ring of flight
Wands
 g - a wand of digging (3)
 y - a wand of paralysis (7)
Scrolls
 b - 2 scrolls of blinking {unknown}
 c - a scroll of fog
 d - 4 scrolls of magic mapping
 e - a scroll of fear
 h - 10 scrolls of identify {unknown}
 j - a scroll of butterflies {unknown}
 l - a scroll of vulnerability {unknown}
 m - a scroll of teleportation {unknown}
 q - 2 scrolls of amnesia {unknown}
 t - a scroll of poison {unknown}
 z - a scroll of noise {unknown}
Potions
 i - a potion of curing {unknown}
 s - a potion of degeneration {unknown}
 u - 3 potions of haste
 w - a potion of mutation {unknown}
 A - a potion of brilliance {unknown}
 B - a potion of experience {unknown}
 C - a potion of lignification {unknown}


   Skills:
 + Level 4.4 Fighting
 - Level 1.7 Axes
 + Level 1.5 Throwing
 + Level 2.7 Armour
 + Level 3.4 Dodging
 - Level 5.0 Stealth
 + Level 2.9 Evocations


You had 5 spell levels left.
You didn't know any spells.
Your spell library contained the following spells:

 Spells                   Type           Power      Damage    Failure   Level
 Kiss of Death            Conj/Necr      0%         2d5       100%        1
 Cigotuvi's Dreadful Rot  Necr/Pois/Air  0%         N/A       100%        2
 Static Discharge         Conj/Air       0%         2-2/arc   100%        2
 Sublimation of Blood     Necr           0%         N/A       100%        2
 Wereblood                Tmut           0%         N/A       100%        2
 Confusing Touch          Hex            0%         N/A       100%        3
 Vhi's Electric Charge    Tloc/Air       0%         N/A       100%        3
 Dispel Undead            Necr           0%         3d6       100%        4
 Petrify                  Tmut/Erth      0%         N/A       100%        4
 Arcjolt                  Conj/Air       0%         1d10      100%        5
 Irradiate                Conj/Tmut      0%         3d11      100%        5
 Lightning Bolt           Conj/Air       0%         1d11      100%        5
 Death Channel            Necr           0%         N/A       100%        6
 Summon Hydra             Summ           0%         N/A       100%        7


Dungeon Overview and Level Annotations

Branches:
Dungeon (5/15)             Temple (1/1) D:4         Ossuary (visited)

Altars:
Cheibriados
Gozag
Makhleb
Nemelex Xobeh
Qazlal
Sif Muna
Trog
Uskayaw
Wu Jian
Xom


Innate Abilities, Weirdness & Mutations

You sometimes gain power by taking damage.


Message History

The ogre is moderately wounded.
Unknown command.
Throw: boomerang
Press: ? - help, Q - select action, (/) - cycle Shift-Dir - straight line, f/p - ogre
Aim: an ogre, wielding a +0 giant club (moderately wounded, 77% to hit)
You throw a boomerang. The boomerang hits the ogre.
The ogre is heavily wounded.
Throw: boomerang
Press: ? - help, Q - select action, (/) - cycle Shift-Dir - straight line, f/p - ogre
Aim: an ogre, wielding a +0 giant club (heavily wounded, 77% to hit)
You throw a boomerang. The boomerang closely misses the ogre.
Throw: boomerang
Press: ? - help, Q - select action, (/) - cycle Shift-Dir - straight line, f/p - ogre
Aim: an ogre, wielding a +0 giant club (heavily wounded, 77% to hit)
You throw a boomerang. The boomerang hits the ogre.
The ogre is heavily wounded.
You barely miss the ogre.
The ogre is heavily wounded.
The ogre hits you with a +0 giant club!
Unknown command.
You hit the ogre.
The ogre is heavily wounded.
The ogre hits you with a +0 giant club!!
* * * LOW HITPOINT WARNING * * *
You focus on the pain.
You feel agile all of a sudden.
Unknown command.
You are too injured to fight recklessly!
Unknown command.
You are too injured to fight recklessly!
The ogre attacks as you move away! The ogre hits you but does no damage.
Throw: 4 darts (poison)
Press: ? - help, Q - select action, (/) - cycle Shift-Dir - straight line, f/p - ogre
Aim: an ogre, wielding a +0 giant club (heavily wounded, 77% to hit)
You throw a poisoned dart. The poisoned dart hits the ogre.
The ogre is poisoned.
The ogre is heavily wounded.
The ogre attacks as you move away!
The ogre hits you with a +0 giant club!!
You die...

.........#......................+
####..##.###.###..##.######.#####
####+###.#######..##.######.#####
#......#..#........>.............
#......'..#.....................†
########..###.####..###.###...###
##..####..###.####..###.###...###
#............(..................#
'..............O@...............#
#...............................#
##..##..###...#..#..............#
##..##..##...###................#
....#....#..##.##...###.####...##
....#......##...##..########...##
....#.....##.O...##..'.....#....#
....#[...#####O#####.#.....#....#
###.###'.........O...####.###..##


You could see an ogre (poisoned).

Vanquished Creatures
  A scorpion (D:4)
  A howler monkey (D:4)
  2 hounds (D:4)
  A gnoll bouda (D:3)
  An orc priest (D:4)
  2 mummies
  5 gnolls (D:3)
  7 adders
  3 worms (D:2)
  3 dart slugs
  6 orcs (D:4)
  2 spectral bats (Ossuary)
  3 ball pythons
  5 bats
  14 endoplasms
  4 giant cockroaches
  12 gnoll zombies (Ossuary)
  8 goblins
  7 hobgoblins
  2 quokkas
  4 bat simulacra (Ossuary)
  A frilled lizard (D:1)
  6 goblin simulacra (Ossuary)
  6 goblin zombies (Ossuary)
  6 hobgoblin zombies (Ossuary)
  8 kobolds
  3 kobold simulacra (Ossuary)
  5 kobold zombies (Ossuary)
  An orc zombie (Ossuary)
  2 rats (D:1)
  A rat simulacrum (Ossuary)
  4 spectral goblins (Ossuary)
  4 spectral kobolds (Ossuary)
  3 spectral rats (Ossuary)
143 creatures vanquished.

Vanquished Creatures (others)
  A butterfly (D:4)
  6 plants (D:2)
7 creatures vanquished.

Grand Total: 150 creatures vanquished

Notes
Turn   | Place    | Note
-------+----------+-------------------------------------------
     0 | D:5      | flotson the Demonspawn Delver began the quest for the Orb.
     0 | D:5      | Reached XP level 1. HP: 18/18 MP: 1/1
     3 | D:5      | Noticed an ogre
    27 | D:5      | Noticed an orc wizard
    28 | D:5      | Noticed a gargoyle
    89 | D:4      | Found a sand-covered staircase.
    90 | D:4      | Noticed an ogre
    98 | Ossuary  | Entered an ossuary
   270 | Ossuary  | Gained mutation: You sometimes gain a little power by
                  | taking damage. [demonic ancestry]
   270 | Ossuary  | Reached XP level 2. HP: 23/24 MP: 2/2
   467 | Ossuary  | Reached skill level 1 in Armour
   467 | Ossuary  | Reached skill level 1 in Evocations
   467 | Ossuary  | Gained mutation: You sometimes gain power by taking damage.
                  | [demonic ancestry]
   467 | Ossuary  | Reached XP level 3. HP: 20/29 MP: 3/3
   940 | D:4      | Reached XP level 4. HP: 14/35 MP: 4/4
  1083 | D:4      | Reached skill level 5 in Stealth
  1370 | D:2      | Reached XP level 5. HP: 10/42 MP: 5/5
  1402 | D:2      | Identified the +2 plate armour "Sidelul" {Will+}
  3407 | D:3      | HP: 1/42 [gnoll bouda/+0 club (3)]
  3505 | D:3      | Reached XP level 6. HP: 27/48 MP: 6/6
  3959 | D:3      | Reached skill level 1 in Throwing
  4498 | D:4      | Found a staircase to the Ecumenical Temple.
  4524 | Temple   | Entered the Ecumenical Temple
  5217 | D:4      | Mangled by an ogre

Illustrated notes

Levels and vault maps discovered:
D:1:      dpeg_arrival_circle_labyrinth_a, layout_basic,
          amcnicky_mini_pool_small
D:2:      cheibrodos_old_hovel, layout_loops_ring
D:3:      layout_basic, grunt_ministairs_2, kennysheep_path_1, st_stairs_3,
          kennysheep_decorative_pillar
D:4:      layout_gridville, nicolae_elyvilon_peaceful_grove, temple_hall,
          gup_ossuary_entry_pyramid
D:5:      layout_cave_pools, nicolae_overflow_hidden_temple,
          mainiacjoe_overflow_small_starburst, due_unseen_surprise
Temple:   nicolae_temple_bog_church

Skill      XL: |  1  2  3  4  5  6 |
---------------+-------------------+-----
Dodging        | 2 3 |  3.4
Armour         | 1 2 |  2.7
Evocations     | 1 2 |  2.9
Stealth        | 5 |  5.0
Fighting       | 4 |  4.4
Throwing       | 1 |  1.5
Axes           | |  1.7

Action                   |  1- 3 |  4- 6 || total
-------------------------+-------+-------++-------
Melee: Hand axe          |   221 |   136 ||   357
       Punch             |     3 |     3 ||     6
       Quarterstaff      |       |   181 ||   181
Throw: Dart              |       |     6 ||     6
       Boomerang         |       |    14 ||    14
  Use: Scroll            |     1 |     1 ||     2
       Potion            |       |     3 ||     3
 Stab: Sleeping          |     2 |     3 ||     5
       Distracted        |     1 |       ||     1
Armor: Leather armour    |    71 |    20 ||    91
       Plate armour      |       |   202 ||   202
Dodge: Dodged            |   134 |   129 ||   263

Table legend: (Time is in decaauts)
 A = Elapsed time spent in this place.
 B = Non-inter-level travel time spent in this place.
 C = Inter-level travel time spent in this place.
 D = Time resting spent in this place.
 E = Time spent auto-exploring this place.
 F = Levels seen in this place.
 G = Mean time per level.
                   A        B        C        D        E       F      G
               +--------+--------+--------+--------+--------+-----+--------+
         Total |   5342 |   5194 |    148 |    296 |   3449 |   7 |  763.1 |
       Dungeon |   4243 |   4119 |    124 |    174 |   2826 |   5 |  848.6 |
        Temple |    259 |    235 |     24 |      0 |    225 |   1 |  259.0 |
       Ossuary |    840 |    840 |      0 |    122 |    397 |   1 |  840.0 |
               +--------+--------+--------+--------+--------+-----+--------+

Top non-repeatable levels by time:
     D:3: 1173 daAuts
     D:4: 1135 daAuts
     D:1: 971 daAuts
     D:2: 923 daAuts
 Ossuary: 840 daAuts
  Temple: 259 daAuts
     D:5: 40 daAuts
